AoeStats
← Takara Miyuki

Arena

505649321Analyzed
1v1 RM · 21d ago on Sep 10, 2026· 37m 3s· 2 players
Game mode
Random Map
Map size
Tiny (2 player)
Population
200
Speed
Normal
Resources
Standard
Victory
Conquest
Starting age
Dark Age
Ending age
Imperial Age
RankedLock teamsTeams togetherTeam positionsShared explorationLock speedFull tech treeHidden civsTurbo modeCheats
Victory
Defeat
🇨🇳 Britons · China
709
+42
🇸🇦 Armenians · Saudi Arabia
745
-18
Takara Miyuki
11:27 Feudal Age
16:01 Castle Age
15:45 Gold Mining
17:26 Fletching
19:08 Double-Bit Axe
24:18 Horse Collar
26:40 Bodkin Arrow
28:13 Bow Saw
28:44 Wheelbarrow
32:39 Imperial Age
31:26 Padded Archer Armor
32:34 Leather Archer Armor
33:47 Gold Shaft Mining
34:15 Bracer
34:23 Elite Longbowman
36:28 Ring Archer Armor
neXus
11:52 Feudal Age
16:11 Castle Age
14:14 Double-Bit Axe
14:24 Horse Collar
15:52 Wheelbarrow
18:25 Hand Cart
19:34 Loom
21:31 Squires
21:54 Pikeman
24:36 Fervor
26:18 Halberdier
29:09 Sanctity
32:33 Imperial Age
30:32 Forging
30:26 Scale Mail Armor
34:08 Fereters
34:24 Conscription
34:10 Elite Composite Bowman
35:11 Arson
35:13 Gambesons
34:49 Man-at-Arms
36:10 Bow Saw
35:55 Gold Mining
36:00 Stone Mining
36:58 Ballistics
36:16 Long Swordsman
Connection lost

Rejoining the realm…

Still unreachable

The connection could not be restored.

Session expired

The server has moved on; the page needs a fresh start.